 Dungeon Crawl Stone Soup version 0.31-a0-977-gc230f8ef24 (webtiles) character file.

Game seed: 15856803256175113137

212 timneilson the Ruffian (level 5, 0/35 HPs)
             Began as an Octopode Shapeshifter on Oct 29, 2023.
             Slain by an orc
             ... wielding a +0 trident
              (7 damage)
             ... on level 4 of the Dungeon.
             The game lasted 00:05:00 (2133 turns).

timneilson the Ruffian (Octopode Shapeshifter)      Turns: 2133, Time: 00:05:00

Health: 0/35       AC: -11   Str: 16    XL:     5   Next: 89%
Magic:  6/6        EV: 13    Int: 12    God:
Gold:   156        SH:  0    Dex: 11    Spells: 6/6 levels left

rFire   . .          .
                       - Unarmed
rCold   . . .        (no shield)
rNeg    . . .        (helmet currently unavailable)
rPois   .            (no amulet)
rElec   .            d - ring of willpower
rCorr   .            (no ring)
SInv    .            (no ring)
Will    +....        (no ring)
Stlth   +++          (no ring)
HPRegen 0.25/turn    (no ring)
MPRegen 0.10/turn    (no ring)
                     (no ring)

%: no passive effects
@: beast-form, corroded
A: beast (slay +2), almost no armour, amphibious, 8 rings, camouflage 1,
gelatinous body 1, (nimble swimmer 1), tentacles
a: Begin Untransformation


You were on level 4 of the Dungeon.
You were a hulking beast.
You visited 1 branch of the dungeon, and saw 4 of its levels.

You collected 156 gold pieces.

Inventory:

Hand Weapons
 e - a +4 dagger
Missiles
 i - 2 throwing nets
Jewellery
 d - a ring of willpower (left tentacle)
Talismans
 b - a beast talisman
 c - a flux talisman
Wands
 p - a wand of flame (5)
Scrolls
 m - a scroll of amnesia
Potions
 a - a potion of lignification
 g - 2 potions of heal wounds
 j - 2 potions of curing
 k - 2 potions of brilliance {unknown}
 n - 2 potions of degeneration {unknown}


   Skills:
 * Level 2.5 Fighting
 * Level 3.2 Dodging
 + Level 2.0 Stealth
 * Level 3.9 Unarmed Combat
 + Level 1.2 Spellcasting
 + Level 0.0 Evocations
 * Level 3.7 Shapeshifting


You had 6 spell levels left.
You didn't know any spells.
Your spell library contained the following spells:

 Spells                   Type           Power      Damage    Failure   Level
 Lesser Beckoning         Tloc           0%         N/A       41%         2
 Gell's Gravitas          Tloc           0%         N/A       65%         3
 Teleport Other           Tloc           0%         N/A       65%         3


Dungeon Overview and Level Annotations

Branches:
Dungeon (4/15)
 Temple: D:4-7

Altars:
Cheibriados

Annotations:
D:2 1 runed translucent door, Crazy Yiuf


Innate Abilities, Weirdness & Mutations

You are a hulking beast.
Your limbs bulge with bestial killing power. (Slay +2)
You cannot wear most types of armour.
You are amphibious.
You can wear up to eight rings at the same time.
Your skin changes colour to match your surroundings (Stealth+).
Your rubbery body absorbs attacks. (AC +1, EV +1)
((You are camouflaged when in or above water. (Stealth+)))
You have tentacles for arms and can constrict up to eight enemies at once.


Message History

Done exploring.
As you read the scroll labelled DECUAXOGEMN, it crumbles to dust.
You feel momentarily disoriented.
It was a scroll of revelation.
As you read the scroll labelled UXEORAI QUMMI, it crumbles to dust.
You feel strangely unstable.
It was a scroll of teleportation.
As you read the scroll labelled UTUEQIA IWUGI, it crumbles to dust.
It is a scroll of amnesia.
You feel forgetful for a moment.
Blink to where?
Press: ? - help, Dir - move target
As you read the scroll labelled RUMIFURAR, it crumbles to dust.
It was a scroll of blinking.
As you read the scroll of identify, it crumbles to dust.
j - 2 potions of curing Your surroundings suddenly seem different.
There is a stone staircase leading down here.
You climb downwards.
A malevolent force fills the Dungeon... and a teleportation trap spontaneously manifests!
You are yanked towards a nearby monster!
Your surroundings seem slightly different.
An orc comes into view. It is wielding a +0 trident.
The orc shouts!
The jelly quivers.
The orc moves out of view.
You tentacle-slap the jelly.
Your tentacles burn!
The jelly is lightly wounded.
You bludgeon the jelly! The acid corrodes you!
Your tentacles burn!
You tentacle-slap the jelly, but do no damage.
You squeeze the jelly.
The jelly is almost dead.
The jelly hits you. The acid corrodes you!
You are splashed with acid!
You tentacle-slap the jelly but do no damage.
The acid corrodes you!
Your tentacles burn!
The jelly is almost dead.
The jelly hits you. The acid corrodes you!
You are splashed with acid!
* * * LOW HITPOINT WARNING * * *
You tentacle-slap the jelly.
You kill the jelly!
The orc hits you from afar with a +0 trident!
You die...

# .. ... ....
.....
###+######+#o.....
#......<..h.......
+.................
#.................
#...........######
............#
.#####......#
+......+ #......#
#......#


You could see an orc.

Vanquished Creatures
  A hound (D:3)
  A jelly (D:4)
  Natasha (thrice) (D:2)
  A gnoll (D:1)
  3 adders
  3 dart slugs
  4 endoplasms
  2 giant cockroaches
  8 goblins
  6 hobgoblins
  6 jackals
  4 kobolds
  A quokka (D:1)
  11 ball pythons
  5 bats
  3 frilled lizards
  6 rats
68 creatures vanquished.

Notes
Turn   | Place    | Note
-------+----------+-------------------------------------------
     0 | D:1      | timneilson the Octopode Shapeshifter began the quest for
                  | the Orb.
     0 | D:1      | Reached XP level 1. HP: 13/13 MP: 1/1
    51 | D:1      | Reached XP level 2. HP: 13/18 MP: 2/2
   233 | D:1      | Reached XP level 3. HP: 14/23 MP: 3/3
   589 | D:1      | Reached skill level 1 in Stealth
   756 | D:2      | Reached XP level 4. HP: 21/29 MP: 4/4
  1106 | D:2      | Noticed Natasha
  1112 | D:2      | Killed Natasha
  1177 | D:2      | Noticed Natasha
  1184 | D:2      | Killed Natasha
  1185 | D:2      | Reached XP level 5. HP: 25/34 MP: 6/6
  1290 | D:2      | Noticed Natasha
  1296 | D:2      | Killed Natasha
  1297 | D:2      | Reached skill level 1 in Spellcasting
  1396 | D:2      | Found a runed translucent door.
  1397 | D:2      | Noticed Crazy Yiuf
  1608 | D:3      | Found a snail-covered altar of Cheibriados.
  2133 | D:4      | Slain by an orc

Illustrated notes

Levels and vault maps discovered:
D:1:      dpeg_arrival_lava_temple_mockup, layout_basic
D:2:      layout_basic, minmay_strange_pillars, uniq_natasha,
          uniq_crazy_yiuf_cottage
D:3:      layout_basic, mainiacjoe_overflow_cross_hatched
D:4:      layout_gridville, minmay_temple_entry_drinking_statues,
          nrook_mini_backslash

Skill      XL: |  1  2  3  4  5 |
---------------+----------------+-----
Stealth        | 1 2 |  2.0
Fighting       | 2 |  2.5
Dodging        | 3 |  3.2
Spellcasting   | 1 |  1.2
Unarmed Combat | |  3.9
Shapeshifting  | |  3.7

Action                     |  1- 3 |  4- 6 || total
---------------------------+-------+-------++-------
  Melee: Unarmed           |    54 |    63 ||   117
         Constrict         |    12 |    20 ||    32
         Tentacles         |     9 |    17 ||    26
         Punch             |     1 |     5 ||     6
    Use: Scroll            |     2 |     5 ||     7
   Stab: Sleeping          |     5 |     5 ||    10
         Distracted        |       |     1 ||     1
 Armour: Skin              |    21 |    32 ||    53
  Dodge: Dodged            |    36 |    34 ||    70

Table legend: (Time is in decaauts)
 A = Elapsed time spent in this place.
 B = Non-inter-level travel time spent in this place.
 C = Inter-level travel time spent in this place.
 D = Time resting spent in this place.
 E = Time spent auto-exploring this place.
 F = Levels seen in this place.
 G = Mean time per level.
                   A        B        C        D        E       F      G
               +--------+--------+--------+--------+--------+-----+--------+
         Total |   2123 |   2025 |     98 |     60 |   1356 |   4 |  530.8 |
       Dungeon |   2123 |   2025 |     98 |     60 |   1356 |   4 |  530.8 |
               +--------+--------+--------+--------+--------+-----+--------+

Top non-repeatable levels by time:
     D:1: 722 daAuts
     D:3: 699 daAuts
     D:2: 696 daAuts
     D:4: 6 daAuts
